 Dungeon Crawl Stone Soup version 0.20.0-8-g6b59dc7 (webtiles) character file.

704 McKennaii the Skirmisher (level 7, -5/55 HPs)
             Began as a Demonspawn Abyssal Knight on May 30, 2017.
             Was a Priest of Lugonu.
             Slain by an ice beast (6 damage)
             ... on level 5 of the Dungeon.
             The game lasted 00:10:34 (6279 turns).

McKennaii the Skirmisher (DsAK)                     Turns: 6279, Time: 00:10:35

Health: -5/55      AC:  9    Str: 12    XL:     7   Next: 39%
Magic:  18/18      EV:  6    Int: 13    God:    Lugonu [***...]
Gold:   290        SH:  4    Dex: 15    Spells: 6/6 levels left

rFire    + . .     SeeInvis .   a - +1 falchion
rCold    + . .     Gourm    .   (no shield)
rNeg     . . .     Faith    .   i - +0 chain mail
rPois    +         Spirit   .   (no helmet)
rElec    +         Reflect  .   (no cloak)
rCorr    +         Harm     .   (no gloves)
MR       .....                  (no boots)
Stlth    ..........             (no amulet)
Regen    0.2/turn               l - ring of flight
MPRegen  0.2/turn               y - ring of magical power

@: resistant
A: talons 2, large bone plates 1, demonic guardian 1
a: Depart the Abyss, Bend Space, Banish, Renounce Religion, Evoke Flight


You were on level 5 of the Dungeon.
You worshipped Lugonu.
Lugonu was most pleased with you.
You were near starving.

You visited 1 branch of the dungeon, and saw 5 of its levels.
You visited the Abyss 1 time.

You collected 290 gold pieces.

Inventory:

Hand Weapons
 a - a +1 falchion (weapon)
Armour
 i - a +0 chain mail (worn)
Jewellery
 l - a ring of flight (left hand)
 y - a ring of magical power (right hand)
Wands
 u - a wand of paralysis (12/24)
Scrolls
 d - a scroll of magic mapping {unknown}
 e - 6 scrolls of identify {unknown}
 h - 4 scrolls of remove curse {unknown}
 k - a scroll of random uselessness {unknown}
 m - 4 scrolls of teleportation {unknown}
 n - a scroll of fog {unknown}
 r - 3 scrolls of enchant armour {unknown}
 v - a scroll of blinking {unknown}
 A - a scroll of amnesia {unknown}
 C - a scroll of fear {unknown}
Potions
 b - a potion of lignification {unknown}
 f - 3 potions of flight
 g - 2 potions of brilliance
 j - a potion of cancellation {unknown}
 p - a potion of agility
 s - a potion of heal wounds {unknown}
 t - a potion of resistance
 z - a potion of mutation {unknown}
Books
 o - a book of Callings

   Spells                             Type                      Level
   a - Summon Small Mammal            Summoning                    1
   b - Call Imp                       Summoning                    2
   c - Call Canine Familiar           Summoning                    3
   d - Summon Guardian Golem          Hexes/Summoning              3
   e - Summon Lightning Spire         Summoning/Air                4
   f - Summon Ice Beast               Ice/Summoning                4
 B - a book of Minor Magic

   Spells                             Type                      Level
   a - Magic Dart                     Conjuration                  1
   b - Blink                          Translocation                2
   c - Call Imp                       Summoning                    2
   d - Slow                           Hexes                        2
   e - Conjure Flame                  Conjuration/Fire             3
   f - Mephitic Cloud                 Conjuration/Poison/Air       3
Comestibles
 c - 4 bread rations
 w - 2 royal jellies
 x - 3 fruits
 D - 2 meat rations


   Skills:
 + Level 4.8 Fighting
 + Level 4.4 Long Blades
 + Level 4.2 Armour
 + Level 2.9 Dodging
 + Level 0.6 Stealth
 + Level 2.7 Invocations


You had 6 spell levels left.
You didn't know any spells.

Dungeon Overview and Level Annotations

Branches:
Dungeon (5/15)             Temple (0/1) D:4

Altars:
Fedhas
Kikubaaqudgha
Qazlal
Uskayaw
The Shining One

Annotations:
D:3 Crazy Yiuf


Innate Abilities, Weirdness & Mutations

You have razor-sharp toenails.
You are partially covered in large bone plates. (SH +4)
A weak demonic guardian rushes to your aid.


Message History

You closely miss the ice beast.
You claw the ice beast, but do no damage.
The ice beast is moderately wounded.
Your quasit bites the gnoll but does no damage.
Your quasit closely misses the gnoll.
Your quasit claws the gnoll but does no damage.
Your white imp hits the ice beast but does no damage.
The ice beast hits you.
* * * LOW HITPOINT WARNING * * *
The ice beast freezes you!
* * * LOW HITPOINT WARNING * * *
Something hits your white imp. The gnoll barely misses your quasit.
Your quasit barely misses the gnoll.
Your quasit closely misses the gnoll.
Your quasit claws the gnoll.
It was a potion of resistance.
You feel protected. The ice beast hits you.
* * * LOW HITPOINT WARNING * * *
The ice beast freezes you. You resist.
You die...

### #########.#
#.........#
#.#######.# #<# #.#
### ####5### ##
#....Y@# .# #.##.#.#
.# #.##.#.# .#
#.##.#5# ##
#.##.#g### #
#...§†g..#
###########....#.#.#
.....#.......#.#.#.#
.......>)........#.#


You could see an ice beast, 2 gnolls, a friendly quasit and a friendly white
imp.

Vanquished Creatures
  A phantom (D:3)
  A scorpion (D:5)
  A hound (D:4)
  3 worker ants (D:4)
  A hound skeleton (D:5)
  12 adders
  2 gnolls (D:5)
  A shadow imp (D:5)
  An ooze (D:1)
  2 worms
  3 dart slugs
  4 leopard geckos
  3 orcs
  2 ball pythons
  7 bats
  3 bat zombies (D:3)
  6 giant cockroaches
  4 hobgoblins
  13 jackals
  5 kobolds
  2 quokkas
  5 frilled lizards
  10 goblins
  6 rats
  2 rat zombies (D:3)
100 creatures vanquished.

Vanquished Creatures (collateral kills)
  Menkaure (D:5)
  A centaur (D:5)
  A scorpion (D:4)
  A killer bee (D:4)
  A jelly (D:5)
  A worker ant (D:4)
  A hound skeleton (D:5)
  A shadow imp (D:5)
  A leopard gecko (D:5)
  A giant cockroach (D:5)
  A jackal (D:5)
  A quokka (D:3)
12 creatures vanquished.

Grand Total: 112 creatures vanquished

Notes
Turn   | Place    | Note
-------+----------+-------------------------------------------
     0 | Abyss:1  | McKennaii the Demonspawn Abyssal Knight began the quest for the Orb.
     0 | Abyss:1  | Reached XP level 1. HP: 18/18 MP: 2/2
    52 | Abyss:2  | Noticed a large abomination
    84 | Abyss:5  | Entered Level 5 of the Abyss
    87 | Abyss:5  | Found a corrupted altar of Lugonu.
   126 | Abyss:5  | Noticed a hellwing
   132 | D:1      | Escaped the Abyss
   156 | D:1      | Reached skill level 1 in Dodging
   394 | D:1      | Gained mutation: A weak demonic guardian rushes to your aid. [demonic ancestry]
   394 | D:1      | Reached XP level 2. HP: 7/24 MP: 4/4
   653 | D:1      | Reached * piety under Lugonu
   942 | D:1      | Gained mutation: You have sharp toenails. [demonic ancestry]
   942 | D:1      | Reached XP level 3. HP: 29/29 MP: 5/5
  1232 | D:2      | Found a hide-covered altar of Uskayaw.
  1235 | D:2      | Noticed a dagger
  1236 | D:2      | Noticed a dagger
  1641 | D:2      | Found a blossoming altar of Fedhas.
  1642 | D:2      | Found a stormy altar of Qazlal.
  1681 | D:2      | Reached XP level 4. HP: 36/36 MP: 6/6
  2751 | D:3      | Noticed a phantom
  2800 | D:3      | Killed a phantom
  2800 | D:3      | Gained mutation: You are partially covered in large bone plates. (SH +4) [demonic ancestry]
  2800 | D:3      | Reached XP level 5. HP: 27/42 MP: 7/7
  2972 | D:3      | Found a runed door.
  3119 | D:3      | Reached ** piety under Lugonu
  3155 | D:3      | Found a glowing golden altar of the Shining One.
  3318 | D:3      | Found an ancient bone altar of Kikubaaqudgha.
  3767 | D:3      | Noticed Crazy Yiuf
  3903 | D:4      | HP: 2/42 [jackal (2)]
  4555 | D:4      | Gained mutation: You have razor-sharp toenails. [demonic ancestry]
  4555 | D:4      | Reached XP level 6. HP: 27/48 MP: 8/8
  4988 | D:4      | Found a staircase to the Ecumenical Temple.
  5143 | D:4      | Reached *** piety under Lugonu
  5270 | D:5      | Entered Level 5 of the Dungeon
  5371 | D:5      | Reached XP level 7. HP: 35/55 MP: 9/9
  5932 | D:5      | Noticed Menkaure
  5958 | D:5      | Killed Menkaure
  6278 | D:5      | HP: 2/55 [ice beast (7)]
  6279 | D:5      | Slain by an ice beast

Skill      XL: |  1  2  3  4  5  6  7 |
---------------+----------------------+-----
Dodging        | 1 2 |  2.9
Armour         | 2 3 4 |  4.2
Long Blades    | 2 3 4 |  4.4
Fighting       | 4 |  4.8
Stealth        | |  0.6
Invocations    | |  2.7

Action                   |  1- 3 |  4- 6 |  7- 9 || total
-------------------------+-------+-------+-------++-------
Melee: Falchion          |   135 |   326 |    82 ||   543
       Kick              |    10 |    80 |    32 ||   122
       Unarmed           |       |     1 |       ||     1
Invok: Depart the Abyss  |     1 |       |       ||     1
  Use: Potion            |       |       |     6 ||     6
  Eat: Chunk             |     3 |    12 |     1 ||    16
Armor: Chain mail        |   112 |   251 |    52 ||   415
       Leather armour    |     4 |       |       ||     4
Dodge: Dodged            |    53 |   113 |    24 ||   190
Block: Other             |       |    58 |    21 ||    79
       Rpst.: Falchion   |    17 |    41 |     5 ||    63
